 Dungeon Crawl Stone Soup version 0.23.2-30-g0e89c35649 (webtiles) character file.

Game seed: 11978659415661588450

338 doot the Charmwright (level 6, -3/45 HPs)
             Began as a Centaur Skald on June 13, 2019.
             Was an Initiate of Hepliaklqana.
             Slain by an orc
             ... wielding a +0 flail
              (8 damage)
             ... on level 4 of the Dungeon.
             The game lasted 00:07:34 (4225 turns).

doot the Charmwright (Centaur Skald)                Turns: 4225, Time: 00:07:35

Health: -3/45      AC:  4    Str: 16    XL:     6   Next: 29%
Magic:  8/9        EV:  9    Int: 12    God:    Hepliaklqana [......]
Gold:   157        SH:  0    Dex:  8    Spells: 4/9 levels left

rFire    . . .     SeeInvis .   a - +0 mace
rCold    . . .     Gourm    .   (no shield)
rNeg     . . .     Faith    .   b - +0 leather armour
rPois    .         Spirit   .   (no helmet)
rElec    .         Reflect  .   (no cloak)
rCorr    .         Harm     .   (no gloves)
MR       .....                  (no barding)
Stlth    ..........             (no amulet)
HPRegen  0.15/turn              (no ring)
MPRegen  0.11/turn              (no ring)

@: very quick
A: large, reduced essence, hooves 3, deformed body, speed 2, tough skin 3
a: Recall Ancestor, Ancestor Identity, Renounce Religion


You were on level 4 of the Dungeon.
You worshipped Hepliaklqana.
Hepliaklqana was noncommittal.
You were not hungry.

You visited 1 branch of the dungeon, and saw 4 of its levels.

You collected 157 gold pieces.

Inventory:

Hand Weapons
 a - a +0 mace (weapon)
Armour
 b - a +0 leather armour (worn)
Wands
 m - a wand of digging (4)
Scrolls
 g - 5 scrolls of teleportation {unknown}
 h - a scroll of magic mapping {unknown}
 i - 2 scrolls of enchant weapon {unknown}
 j - a scroll of fear {unknown}
 k - 3 scrolls of blinking {unknown}
 l - a scroll of fog {unknown}
 n - a scroll of enchant armour {unknown}
 o - 2 scrolls of identify {unknown}
Potions
 c - a potion of mutation {unknown}
 e - a potion of heal wounds {unknown}
 f - a potion of ambrosia {unknown}
 p - a potion of agility {unknown}
Comestibles
 d - 9 rations
 q - 5 chunks of flesh


   Skills:
 + Level 3.1 Fighting
 + Level 3.0 Maces & Flails
 + Level 2.0 Armour
 + Level 2.1 Dodging
 + Level 0.3 Stealth
 + Level 2.1 Spellcasting
 + Level 3.9 Charms
 + Level 0.1 Translocations


You had 4 spell levels left.
You knew the following spells:

 Your Spells              Type           Power        Failure   Level  Hunger
a - Infusion              Chrm           ##..         7%          1    ##.....
b - Song of Slaying       Chrm           ##......     10%         2    ###....
c - Shroud of Golubria    Chrm/Tloc      #.........   22%         2    ###....

Your spell library contained the following spells:

 Spells                   Type           Power        Failure   Level  Hunger
 Regeneration             Chrm/Necr      #.........   41%         3    ####...
 Spectral Weapon          Hex/Chrm       #.......     41%         3    ####...


Dungeon Overview and Level Annotations

Branches:
Dungeon (4/15)
 Temple: D:4-7

Altars:
Cheibriados
Hepliaklqana
Xom

Shops:
D:4 [


Innate Abilities, Weirdness & Mutations

You have hooves in place of feet.
Armour fits poorly on your strangely shaped body.
You cover ground very quickly.
You have extremely tough skin. (AC +3)
Your life essence is reduced to manifest your ancestor. (-10% HP)


Message History

* * * LOW HITPOINT WARNING * * *
You sock something!
Reactivating autopickup.
Your Maces & Flails skill increases to level 3!
You feel a bit more experienced.
Unknown command.
You closely miss the orc. Your kick misses the orc. The orc barely misses you.
You barely miss the orc. The orc barely misses you.
You barely miss the orc.
Your song has ended.
The orc hits you with a +0 flail.
* * * LOW HITPOINT WARNING * * *
You hit the orc.
The orc is moderately wounded.
The orc hits you with a +0 flail.
* * * LOW HITPOINT WARNING * * *
You closely miss the orc.
The orc is moderately wounded.
The orc hits you with a +0 flail!
You die...

###
###########.#
..
#...........#
..
#.###########
#. #.# #..
#.#
..##..##.#
_......#.#
#.....R#
#...##@#
..... #o#
.... #.# ...
... .. ... #
###.# .? ..


You could see the friendly Ælfric the ancestor and an orc.

Vanquished Creatures
  A crimson imp (D:3)
  A hound (D:3)
  A centaur skeleton (D:4)
  An orc wizard (D:4)
  Ijyb (D:3)
  Terence (D:2)
  A howler monkey skeleton (D:2)
  3 adders
  3 oozes
  2 adder zombies (D:2)
  3 adder skeletons
  2 worms
  3 dart slugs
  2 leopard geckos
  6 orcs
  A bat zombie (D:2)
  4 giant cockroaches
  7 goblins
  3 hobgoblins
  7 kobolds
  A quokka (D:4)
  6 bats
  3 frilled lizards
  A leopard gecko skeleton (D:2)
  A quokka skeleton (D:4)
  7 rats
  A bush (D:2)
73 creatures vanquished.

Vanquished Creatures (collateral kills)
  An adder (D:4)
  2 worms (D:3)
  An orc (D:4)
  A giant cockroach (D:4)
  A goblin (D:3)
  A kobold (D:3)
7 creatures vanquished.

Grand Total: 80 creatures vanquished

Notes
Turn   | Place    | Note
-------+----------+-------------------------------------------
     0 | D:1      | doot the Centaur Skald began the quest for the Orb.
     0 | D:1      | Reached XP level 1. HP: 17/17 MP: 3/3
   101 | D:1      | Reached XP level 2. HP: 17/24 MP: 0/4
   118 | D:1      | Learned a level 2 spell: Song of Slaying
   725 | D:2      | Noticed Terence
   852 | D:2      | Reached XP level 3. HP: 12/29 MP: 0/5
   865 | D:2      | Learned a level 2 spell: Shroud of Golubria
  1088 | D:2      | Killed Terence
  1088 | D:2      | Reached skill level 1 in Armour
  1606 | D:2      | Reached XP level 4. HP: 28/37 MP: 0/6
  2766 | D:3      | Reached XP level 5. HP: 41/42 MP: 2/8
  2916 | D:3      | Found a hazy altar of Hepliaklqana.
  2925 | D:3      | Became a worshipper of Hepliaklqana the Forgotten
  2970 | D:3      | Noticed Ijyb
  2983 | D:3      | Killed Ijyb
  3645 | D:3      | Found a shimmering altar of Xom.
  4080 | D:4      | Reached XP level 6. HP: 39/45 MP: 5/9
  4099 | D:4      | Found Dasywn's Antique Armour Shop.
  4202 | D:4      | Found a snail-covered altar of Cheibriados.
  4225 | D:4      | Slain by an orc

Skill      XL: |  1  2  3  4  5  6 |
---------------+-------------------+-----
Maces & Flails | 2 3 |  3.0
Charms         | 3 |  3.9
Armour         | 1 2 |  2.0
Spellcasting   | 2 |  2.1
Dodging        | 2 |  2.1
Fighting       | 3 |  3.1
Stealth        | |  0.3
Translocations | |  0.1

Action                   |  1- 3 |  4- 6 || total
-------------------------+-------+-------++-------
Melee: Mace              |    75 |   227 ||   302
       Kick              |    11 |    48 ||    59
 Cast: Infusion          |    17 |    18 ||    35
       Shroud of Golubri |       |     3 ||     3
       Song of Slaying   |       |     4 ||     4
Invok: Recall Ancestor   |       |     2 ||     2
 Stab: Invisible         |       |     1 ||     1
  Eat: Chunk             |     2 |     9 ||    11
Armor: Leather armour    |    21 |    81 ||   102
Dodge: Dodged            |    42 |   126 ||   168
